cohdb
Replays
Latest Replays
All Replays
Popular Replays
Top Player Replays
Match Explorer
How It Works
Community
CoH3 Stats
Reddit
Sign in to upload your games and track your stats! →
Sign in with Steam
Match 47182501
Unlisted
Match 47182501
Overview
Messages
Build Orders
End
Kradschützen Motorcycle Team
Panzergrenadier Squad
Selects Armored Support Battlegroup
Panzergrenadier Squad
Panzergrenadier Squad
Construct Light Support Kompanie
Fire Support Elements
Flakvierling Half-track
Selects Superior Fire Drills
Panzerjäger Mechanized Group
2.5-tonne Medical Truck
Veteran Squad Leaders
Selects Flammpanzer III Medium Tank
Flammpanzer III Medium Tank
Flammpanzer III Medium Tank
Selects Salvage Kits
Selects Command Panzer IV F Medium Tank
Command Panzer IV F Medium Tank
Vehicle Survival Package
Construct Panzerarmee Kommand
Armored Reserves
Tiger Heavy Tank
Selects Panzer Storm
Emergency Repair Kits
Selects Stuka Anti-tank Loiter
Stuka Anti-tank Loiter
RUKAclDCッ
CYB/R
Boneless
Bego
0
0
Comments
sign in to comment!
No comments posted yet!